 Dungeon Crawl Stone Soup version 0.20.0-6-gd3061e9 (webtiles) character file.

2031 anfisbena the Cleaver (level 9, 0/86 HPs)
             Began as a Hill Orc Fighter on May 28, 2017.
             Slain by an orc
             ... wielding a +0 halberd
              (8 damage)
             ... in a bailey.
             The game lasted 00:08:54 (6674 turns).

anfisbena the Cleaver (Hill Orc Fighter)            Turns: 6674, Time: 00:08:55

Health: 0/86       AC:  9    Str: 24    XL:     9   Next: 23%
Magic:  9/9        EV:  8    Int:  8    God:
Gold:   408        SH: 10    Dex: 13    Spells: 8/8 levels left

rFire    . . .     SeeInvis .   b - +0 hand axe (elec)
rCold    . . .     Gourm    .   c - +0 shield
rNeg     . . .     Faith    .   g - +0 chain mail
rPois    .         Spirit   .   (no helmet)
rElec    .         Reflect  .   (no cloak)
rCorr    .         Harm     .   (no gloves)
MR       .....                  (no boots)
Stlth    ..........             (no amulet)
Regen    0.3/turn               n - +3 ring of slaying
MPRegen  0.2/turn               A - +3 ring of evasion

@: mighty
A: no striking features
a: no special abilities


You were in a bailey.
You were not hungry.

You visited 1 branch of the dungeon, and saw 7 of its levels.
You also visited: Bailey.

You collected 408 gold pieces.

Inventory:

Hand Weapons
 a - a +0 war axe
 b - a +0 hand axe of electrocution (weapon)
Armour
 c - a +0 shield (worn)
 g - a +0 chain mail (worn)
Jewellery
 n - a +3 ring of slaying (left hand)
 A - a +3 ring of evasion (right hand)
 B - an uncursed ring of see invisible
 C - an uncursed ring of protection from fire
Wands
 i - a wand of polymorph (11/24)
Scrolls
 d - a scroll of blinking {unknown}
 j - 4 scrolls of enchant armour
 k - 4 scrolls of amnesia
 l - 6 scrolls of teleportation
 o - 2 scrolls of remove curse
 q - a scroll of fog {unknown}
 u - a scroll of recharging {unknown}
 y - a scroll of enchant weapon {unknown}
 z - a scroll of random uselessness {unknown}
 D - a scroll of identify
 E - a scroll of brand weapon {unknown}
Potions
 e - a potion of heal wounds {unknown}
 h - 5 potions of curing
 m - a potion of brilliance
 p - a potion of lignification {unknown}
 v - a potion of flight {unknown}
Books
 t - a book of Cantrips

   Spells                             Type                      Level
   a - Confusing Touch                Hexes                        1
   b - Animate Skeleton               Necromancy                   1
   c - Summon Small Mammal            Summoning                    1
   d - Apportation                    Translocation                1
Comestibles
 f - 7 bread rations
 r - 2 meat rations
 s - 2 fruits
 x - a royal jelly
 F - a chunk of flesh


   Skills:
 + Level 10.6 Fighting
 + Level 11.0 Axes
 - Level 3.2 Armour
 - Level 3.2 Shields


You had 8 spell levels left.
You didn't know any spells.

Dungeon Overview and Level Annotations

Branches:
Dungeon (7/15)             Temple (0/1) D:4

Altars:
Ashenzari
Hepliaklqana
Qazlal
Xom

Shops:
D:4 !


Message History

You hit the orc.
The orc is almost dead.
Your shield and chain mail prevent you from hitting the orc warrior.
The orc hits you but does no damage.
The orc warrior hits you but does no damage.
You block the orc's attack.
You hit the orc.
You kill the orc!
You completely miss the orc warrior. You block the orc warrior's attack.
The orc hits you but does no damage.
You slash the orc warrior!
The orc warrior is severely wounded.
You block the orc warrior's attack.
The orc warrior hits you from afar with a halberd!!
* * * LOW HITPOINT WARNING * * *
Your chain mail prevents you from hitting the orc warrior.
The orc warrior is severely wounded.
You block the orc warrior's attack.
The orc hits you from afar with a halberd!
You die...

### ########### #∩####
##.........##
##∩..#######..≈≈≈≈≈≈≈..##
####...##...≈≈o....≈≈..##
########.##..≈oo###..≈≈..#####
#.........##.@)## ##.o≈≈......
#.≈≈≈≈≈≈≈####### ##..≈≈≈≈≈≈≈
#.≈..##### ##........
#.≈.##### ######### #.≈.##.$$
...# #.≈..## ...## #.≈≈..##
##.##. #∩.≈≈..# #+#o. ##.≈≈..#
#..


You could see 2 orc warriors and an orc.

Vanquished Creatures
  Pikel (D:4)
  The ghost of greprep the Covered, an amateur MiFi (D:4)
  Sigmund (D:3)
  The ghost of Caillou112 the Slinger, an amateur HaHu (D:3)
  A sky beast (D:3)
  Blork the orc (D:6)
  A bullfrog (D:7)
  2 scorpions
  4 killer bees (D:7)
  A wight (D:6)
  A howler monkey (D:4)
  A crimson imp (D:6)
  2 centaur zombies (D:6)
  2 bullfrog zombies
  A jelly (D:5)
  An orc priest (D:3)
  2 hounds
  3 worker ants
  9 adders
  A shadow imp (D:6)
  2 worms (D:3)
  5 dart slugs
  4 leopard geckos
  15 orcs
  2 giant cockroaches (D:1)
  8 goblins
  7 hobgoblins
  7 quokkas
  A ball python skeleton (D:5)
  9 bats
  4 frilled lizards
  A jackal skeleton (D:6)
  6 kobolds
  A quokka skeleton (D:6)
  6 rats
115 creatures vanquished.

Vanquished Creatures (others)
  A slave (D:4)
  An iguana (D:6)
  An orc (D:6)
  A jackal (D:6)
4 creatures vanquished.

Grand Total: 119 creatures vanquished

Notes
Turn   | Place    | Note
-------+----------+-------------------------------------------
     0 | D:1      | anfisbena the Hill Orc Fighter began the quest for the Orb.
     0 | D:1      | Reached XP level 1. HP: 19/19 MP: 1/1
    40 | D:1      | Reached skill level 3 in Axes
   183 | D:1      | Reached XP level 2. HP: 27/27 MP: 2/2
   907 | D:2      | Reached XP level 3. HP: 31/34 MP: 3/3
  1234 | D:2      | Reached skill level 4 in Axes
  1588 | D:2      | Reached XP level 4. HP: 41/41 MP: 4/4
  1612 | D:3      | Reached skill level 5 in Fighting
  1659 | D:3      | Noticed Sigmund
  1672 | D:3      | Killed Sigmund
  1672 | D:3      | Reached skill level 5 in Axes
  1672 | D:3      | Reached XP level 5. HP: 13/50 MP: 5/5
  1672 | D:3      | Reached XP level 6. HP: 15/57 MP: 6/6
  1928 | D:3      | Noticed a sky beast
  1940 | D:3      | Killed a sky beast
  1940 | D:3      | Reached skill level 6 in Axes
  2735 | D:3      | Noticed Caillou112's ghost (amateur HaHu)
  2751 | D:3      | Killed Caillou112's ghost
  2751 | D:3      | Reached skill level 7 in Axes
  2751 | D:3      | Reached XP level 7. HP: 54/66 MP: 7/7
  2980 | D:4      | Found a staircase to the Ecumenical Temple.
  3005 | D:4      | Noticed greprep's ghost (amateur MiFi)
  3544 | D:4      | Noticed Pikel
  3567 | D:4      | Killed Pikel
  3567 | D:4      | Reached skill level 9 in Axes
  3567 | D:4      | Reached XP level 8. HP: 30/77 MP: 8/8
  3828 | D:4      | Found Pompaj's Distillery.
  4191 | D:4      | Killed greprep's ghost
  4641 | D:5      | Entered Level 5 of the Dungeon
  4654 | D:5      | Reached skill level 10 in Axes
  4932 | D:5      | Found a stormy altar of Qazlal.
  5438 | D:6      | Found a shattered altar of Ashenzari.
  5523 | D:6      | Reached skill level 10 in Fighting
  5579 | D:6      | Found a shimmering altar of Xom.
  5742 | D:6      | Noticed Blork the orc
  5748 | D:6      | Killed Blork the orc
  5748 | D:6      | Reached XP level 9. HP: 85/85 MP: 9/9
  6101 | D:7      | Found a hazy altar of Hepliaklqana.
  6512 | D:7      | Found a flagged portal.
  6520 | D:7      | Reached skill level 11 in Axes
  6535 | Bailey   | Entered a bailey
  6674 | Bailey   | Slain by an orc

Skill      XL: |  1  2  3  4  5  6  7  8  9 |
---------------+----------------------------+-----
Axes           | 3 4 5 7 9 10 11 | 11.0
Fighting       | 4 6 7 8 10 | 10.6
Armour         | |  3.2
Shields        | |  3.2

Action                   |  1- 3 |  4- 6 |  7- 9 || total
-------------------------+-------+-------+-------++-------
Melee: War axe           |   122 |   124 |    90 ||   336
       Hand axe          |       |       |   106 ||   106
  Use: Potion            |       |     4 |     1 ||     5
       Scroll            |       |       |     6 ||     6
  Eat: Chunk             |     2 |     4 |    12 ||    18
       Fruit             |       |       |     1 ||     1
Armor: Scale mail        |    60 |    47 |    25 ||   132
       Chain mail        |       |       |    34 ||    34
Dodge: Dodged            |    45 |    40 |    71 ||   156
Block: Shield            |    63 |    67 |   116 ||   246
